 Dungeon Crawl Stone Soup version 0.22-a0-305-gd21a89c (webtiles) character file.

15580 grindst0ne the Quickloader (level 12, -1/115 HPs)
             Began as a Kobold Berserker on Mar 31, 2018.
             Was a High Priest of Trog.
             Slain by Nergalle
             ... wielding a +6 dagger of venom
              (4 damage)
             ... on level 12 of the Dungeon.
             The game lasted 00:30:09 (15063 turns).

grindst0ne the Quickloader (Kobold Berserker)      Turns: 15063, Time: 00:30:09

Health: -1/115     AC:  8    Str: 20    XL:     12   Next: 59%
Magic:  16/16      EV: 24    Int: 13    God:    Trog [*****.]
Gold:   208        SH:  0    Dex: 14    Spells: 11/11 levels left

rFire    . . .     SeeInvis .   a - +0 short sword
rCold    . . .     Gourm    .   (shield restricted)
rNeg     . . .     Faith    +   h - +0 leather armour
rPois    .         Spirit   .   m - +2 helmet
rElec    .         Reflect  .   F - +0 cloak
rCorr    .         Harm     .   G - +0 pair of gloves
MR       ++...                  (no boots)
Stlth    ..........             E - amulet of faith
HPRegen  1.29/turn              C - ring of stealth
MPRegen  0.15/turn              I - ring of flight

@: berserking, lethally poisoned (-1 -> -2), regenerating, very quick
A: small, carnivore
a: Berserk, Trog's Hand, Brothers in Arms, Renounce Religion, Evoke Flight


You were on level 12 of the Dungeon.
You worshipped Trog.
Trog was extremely pleased with you.
You were very full.

You visited 1 branch of the dungeon, and saw 12 of its levels.
You also visited: Sewer.

You collected 546 gold pieces.
You spent 338 gold pieces at shops.

Inventory:

Hand Weapons
 a - a +0 short sword (weapon)
 b - a +4 hand crossbow of flaming
Missiles
 O - 138 bolts
 U - 6 tomahawks (quivered)
Armour
 h - a +0 leather armour (worn)
 m - a +2 helmet (worn)
 B - a +0 plate armour
 F - a +0 cloak (worn)
 G - a +0 pair of gloves (worn)
 N - a +0 chain mail
Jewellery
 q - an uncursed amulet of guardian spirit
 C - a ring of stealth (left hand)
 E - an amulet of faith (around neck)
 I - a ring of flight (right hand)
Wands
 f - a wand of iceblast (15)
 s - a wand of disintegration (3)
 K - a wand of flame (25)
 S - a wand of acid (5)
Scrolls
 d - 3 scrolls of magic mapping {unknown}
 e - 2 scrolls of immolation {unknown}
 k - 3 scrolls of fog {unknown}
 l - 2 scrolls of random uselessness {unknown}
 n - 4 scrolls of teleportation
 o - 3 scrolls of fear {unknown}
 p - 5 scrolls of remove curse
 r - 4 scrolls of amnesia {unknown}
 w - a scroll of silence {unknown}
 x - 2 scrolls of enchant weapon {unknown}
 y - 3 scrolls of vulnerability {unknown}
 z - 2 scrolls of enchant armour {unknown}
 A - a scroll of noise {unknown}
 L - a scroll of summoning
 P - a scroll of torment {unknown}
Potions
 g - 2 potions of degeneration
 i - 7 potions of curing
 j - a potion of brilliance
 t - 2 potions of magic
 u - 2 potions of flight
 v - a potion of heal wounds
 D - a potion of cancellation
 H - a potion of invisibility
 J - a potion of mutation
 M - a potion of might
 R - 4 potions of resistance
Comestibles
 c - 19 rations
 Q - 11 chunks of flesh


   Skills:
 - Level 10.0 Fighting
 - Level 7.0 Short Blades
 * Level 13.5 Crossbows
 - Level 1.5 Armour
 - Level 13.4 Dodging
 - Level 6.0 Evocations


You had 11 spell levels left.
You didn't know any spells.

Dungeon Overview and Level Annotations

Branches:
Dungeon (12/15)            Temple (0/1) D:7            Lair (0/6) D:9
    Orc (0/2) D:9

Altars:
Cheibriados
Yredelemnul

Shops:
D:4 *(*(*   D:10 [

Annotations:
D:6 5 runed doors
D:12 Nergalle


Innate Abilities, Weirdness & Mutations

You are small and have problems with some larger weapons.
You are carnivorous and can eat meat at any time.


Message History

The cyan ugly thing is almost dead.
Nergalle barely misses you. The cyan ugly thing headbutts you!
The cyan ugly thing shocks you!
* * * LOW HITPOINT WARNING * * *
You puncture the cyan ugly thing!
You feel the power of Trog in you as your rage grows.
You kill the cyan ugly thing!
Trog accepts your kill.
You feel sick.
The spectral orc warrior hits you from afar with a trident!
* * * LOW HITPOINT WARNING * * *
The manticore bites you!
* * * LOW HITPOINT WARNING * * *
The manticore closely misses you. The manticore misses you.
The spectral orc knight misses you.
The spectral orc warrior completely misses you.
A crimson imp comes into view.
The crimson imp shouts!
Nergalle hits you with a dagger of venom.
You die...

#.....# #.....#
#.....# H
#..÷..##### ..
#.......... ...
#..##..#### ....
#..##..####.....
#..##.Z...(..(..
#.÷.ZHo@(....((.
#.÷.ZZ.##'####..
#....Z.# ...
#......# ....#
#......# ...5#
#......# ....'.
#....[.# ...$#..
#......# o..##..
#.......


You could see Nergalle, a manticore, a spectral orc, 2 spectral orc warriors, 2
spectral orc knights and a crimson imp.

Vanquished Creatures
  A two-headed ogre (D:11)
  A cyclops (D:11)
  4 ugly things
  A centaur zombie (D:11)
  A gargoyle (D:10)
  A troll (D:9)
  5 hornets
  6 slime creatures (D:12)
  2 hippogriffs
  2 wraiths
  17 yaks
  2 basilisks (D:9)
  A wyvern (D:8)
  A hungry ghost (D:8)
  A soldier ant (D:10)
  A water moccasin (D:10)
  3 porcupines (D:9)
  3 orc warriors
  2 sky beasts
  3 black bears
  7 phantoms
  2 ice beasts
  A necrophage (D:10)
  8 ogres
  9 centaurs
  3 crocodiles
  5 bullfrogs
  2 scorpions
  3 killer bees (D:8)
  6 wights (D:7)
  A howler monkey (D:6)
  7 crimson imps
  2 bullfrog zombies
  3 bullfrog skeletons
  6 hounds
  4 jellies
  9 orc priests
  2 centaur skeletons
  12 orc wizards
  5 iguanas
  9 worker ants
  A killer bee zombie (D:6)
  A hound zombie (D:5)
  A worker ant zombie (D:7)
  A howler monkey skeleton (D:11)
  A river rat (D:4)
  11 adders
  3 shadow imps
  3 oozes
  2 worms (D:2)
  2 dart slugs
  6 leopard geckos
  21 orcs
  5 giant cockroaches
  8 goblins
  4 hobgoblins (D:1)
  11 jackals
  7 kobolds
  7 quokkas
  6 ball pythons
  6 bats
  8 frilled lizards
  A leopard gecko skeleton (D:5)
  6 rats
286 creatures vanquished.

Vanquished Creatures (others)
  A bush (D:9)
  17 plants (D:9)
18 creatures vanquished.

Grand Total: 304 creatures vanquished

Notes
Turn   | Place    | Note
-------+----------+-------------------------------------------
     0 | D:1      | grindst0ne the Kobold Berserker began the quest for the Orb.
     0 | D:1      | Reached XP level 1. HP: 14/14 MP: 1/1
   175 | D:1      | Reached XP level 2. HP: 19/19 MP: 2/2
   402 | D:1      | Reached XP level 3. HP: 22/24 MP: 3/3
   710 | D:2      | Reached ** piety under Trog
   719 | D:2      | Reached XP level 4. HP: 14/29 MP: 4/4
  1151 | D:2      | Reached skill level 5 in Short Blades
  1731 | D:3      | Reached XP level 5. HP: 27/33 MP: 5/5
  2153 | D:3      | Reached *** piety under Trog
  2315 | D:4      | Noticed an ogre
  2316 | D:4      | Found Vosatiacs's Antique Weapon Shop.
  2322 | D:4      | Killed an ogre
  2322 | D:4      | Reached XP level 6. HP: 40/40 MP: 6/6
  2403 | D:4      | Found a glowing drain.
  2437 | Sewer    | Entered a sewer
  2462 | Sewer    | Reached skill level 5 in Fighting
  2670 | D:4      | Found Gutuj's Assorted Antiques.
  2678 | D:4      | Bought a scroll labeled SOLAITR XUMOILOCO for 26 gold pieces
  2678 | D:4      | Bought a scroll labeled ISUATA JEISK for 26 gold pieces
  2678 | D:4      | Bought a scroll labeled GEZARR CAVU for 26 gold pieces
  2678 | D:4      | Bought a scroll labeled RUECUU LIHELOI for 26 gold pieces
  2678 | D:4      | Bought a scroll labeled FIK FAOGAPH for 26 gold pieces
  2714 | D:4      | Found Taginot's Antique Weapon Shoppe.
  2745 | D:4      | Noticed a phantom
  2763 | D:4      | Noticed an ogre
  2782 | D:4      | Killed an ogre
  2782 | D:4      | Reached skill level 5 in Dodging
  2782 | D:4      | Reached XP level 7. HP: 44/44 MP: 7/7
  3151 | D:4      | Found Quopp's Assorted Antiques.
  3295 | D:4      | Found Wifao's Assorted Antiques.
  3354 | D:5      | Entered Level 5 of the Dungeon
  3770 | D:5      | Reached XP level 8. HP: 45/51 MP: 8/8
  5149 | D:6      | Found a runed gate.
  5152 | D:6      | Found a runed door.
  5159 | D:6      | Reached XP level 9. HP: 59/59 MP: 7/9
  5445 | D:6      | Found a runed gate.
  5445 | D:6      | Found a runed door.
  5456 | D:6      | Found the +9 staff of Olgreb {rPois}
  5587 | D:6      | Reached **** piety under Trog
  5879 | D:6      | Found a runed gate.
  6442 | D:7      | Reached skill level 10 in Dodging
  6961 | D:7      | Found a basalt altar of Yredelemnul.
  7014 | D:7      | Found a staircase to the Ecumenical Temple.
  7054 | D:7      | Reached skill level 10 in Fighting
  7274 | D:8      | Reached skill level 1 in Evocations
  7274 | D:8      | Reached XP level 10. HP: 34/68 MP: 3/11
  8232 | D:9      | Reached skill level 5 in Evocations
  8233 | D:9      | Found a snail-covered altar of Cheibriados.
  8259 | D:9      | Found a staircase to the Lair.
  9938 | D:9      | Found a staircase to the Orcish Mines.
 10044 | D:9      | Reached XP level 11. HP: 72/72 MP: 15/15
 10140 | D:10     | Entered Level 10 of the Dungeon
 10314 | D:4      | Bought a runed hand crossbow for 208 gold pieces
 10688 | D:9      | Reached skill level 1 in Crossbows
 11078 | D:10     | Reached ***** piety under Trog
 11382 | D:10     | Reached skill level 5 in Crossbows
 11544 | D:10     | Paralysed by a hornet for 3 turns
 11558 | D:10     | Paralysed by a hornet for 1 turns
 11559 | D:10     | HP: 4/105 [hornet (8)]
 11776 | D:10     | Found Siamiyd's Armour Shop.
 12564 | D:10     | Received a gift from Trog
 13440 | D:11     | Noticed a two-headed ogre
 13445 | D:11     | Killed a two-headed ogre
 13476 | D:11     | Noticed a white ugly thing
 13494 | D:11     | Killed a white ugly thing
 13494 | D:11     | Reached skill level 10 in Crossbows
 13585 | D:11     | Received a gift from Trog
 13589 | D:11     | Reached XP level 12. HP: 77/77 MP: 16/16
 14923 | D:12     | Received a gift from Trog
 15042 | D:12     | Noticed Nergalle
 15062 | D:12     | HP: 2/115 [manticore (15)]
 15063 | D:12     | Slain by Nergalle

Vault maps used:
D:1:      lightli_arrival_lavapool
D:2:      hangedman_abyss_or_decor_lesser_grid
D:3:      first_ration
D:4:      serial_shops, nicolae_shop_stone, shop, nicolae_shop_waterfront,
          kennysheep_mini_moat, shop, portal_sewer_entry_a
D:6:      minmay_guarded_unrand_staff_of_olgreb
D:7:      minmay_temple_entry_overgrown, basic_altar
D:9:      overflow_temple_1_default, minmay_lair_entry_grove, orc_0_dummy
D:10:     serial_shops, kennysheep_mini, hangedman_pestilent_swarm
D:12:     uniq_nergalle
Sewer:    sewer_the_crocodile

Skill      XL: |  1  2  3  4  5  6  7  8  9 10 11 12 |
---------------+-------------------------------------+-----
Dodging        | 3 4 5 6 8 10 13 | 13.4
Fighting       | 4 5 6 8 10 | 10.0
Short Blades   | 5 6 7 |  7.0
Evocations     | 1 6 |  6.0
Crossbows      | 10 13 | 13.5
Armour         | |  1.5

Action                   |  1- 3 |  4- 6 |  7- 9 | 10-12 || total
-------------------------+-------+-------+-------+-------++-------
Melee: Short sword       |    80 |   239 |   583 |   969 ||  1871
 Fire: Hand crossbow     |       |       |       |   115 ||   115
Throw: Tomahawk          |       |       |       |     1 ||     1
Invok: Berserk           |     1 |     3 |    16 |    37 ||    57
       Trog's Hand       |       |       |     1 |     8 ||     9
Evoke: Wand              |       |     2 |     4 |    14 ||    20
  Use: Scroll            |       |     6 |     1 |    12 ||    19
       Potion            |       |       |       |     6 ||     6
 Stab: Sleeping          |     2 |       |     2 |     2 ||     6
  Eat: Chunk             |     8 |     9 |    30 |    71 ||   118
Armor: Animal skin       |     2 |       |       |       ||     2
       Leather armour    |    15 |    39 |    62 |   141 ||   257
       Skin              |       |       |       |    13 ||    13
Dodge: Dodged            |    71 |   167 |   385 |   839 ||  1462

Table legend:
 A = Spawn XP
 B = Non-spawn XP
 C = Spawn XP percentage of total XP
 D = Spawn monster count
 E = Non-spawn monster count
 F = Spawn count percentage of total count
 G = Total turns spent on level
                    A         B        C        D         E        F      G
               +---------+---------+-------+---------+---------+-------+---------
         Total |       0 |   22258 |   0.0 |       0 |     286 |   0.0 | 15063
               +---------+---------+-------+---------+---------+-------+---------
           D:1 |       0 |      42 |   0.0 |       0 |      20 |   0.0 |   650
           D:2 |       0 |      76 |   0.0 |       0 |      21 |   0.0 |   997
           D:3 |       0 |      63 |   0.0 |       0 |      20 |   0.0 |   772
           D:4 |       0 |     435 |   0.0 |       0 |      11 |   0.0 |   978
           D:5 |       0 |     840 |   0.0 |       0 |      25 |   0.0 |  1601
           D:6 |       0 |     922 |   0.0 |       0 |      18 |   0.0 |  1418
           D:7 |       0 |    1361 |   0.0 |       0 |      23 |   0.0 |   921
           D:8 |       0 |    1408 |   0.0 |       0 |      17 |   0.0 |   920
           D:9 |       0 |    3531 |   0.0 |       0 |      37 |   0.0 |  2581
          D:10 |       0 |    4348 |   0.0 |       0 |      42 |   0.0 |  2294
          D:11 |       0 |    5221 |   0.0 |       0 |      26 |   0.0 |  1101
          D:12 |       0 |    3891 |   0.0 |       0 |      20 |   0.0 |   665
         Sewer |       0 |     120 |   0.0 |       0 |       6 |   0.0 |   165
               +---------+---------+-------+---------+---------+-------+---------
